NWL (28 & UNDER)
MENLO MANIACS @ LA CROSSE LOGGERS
04/13/2023
 
TOP OF THE 1ST
Menlo Maniacs batting - Pitching for La Crosse Loggers : RHP Michael Wright
Pitching: RHP Michael Wright
Batting: LHB Roger Moore 0-0: Called Strike
0-1: Swinging Strike
0-2: Strikes out swinging
Batting: RHB Alberto Hernández 0-0: Ball
1-0: Ball
2-0: Ball
3-0: Base on Balls
Batting: SHB Marvin Harris 0-0: Ball
1-0: Called Strike
1-1: Ball
2-1: Foul Ball, location: 2F
2-2: Ball
3-2: Base on Balls
Alberto Hernández to second
Batting: RHB Daryl Floyd 0-0: Fielders Choice at 2nd, 5-4 (Groundball, 5)
Alberto Hernández to third
Batting: RHB Tom Meyer 0-0: Ball
1-0: Ball
2-0: Called Strike
2-1: Foul Ball, location: 2F
2-2: Strikes out looking
Top of the 1st over - 0 run(s), 0 hit(s), 0 error(s), 2 left on base; Menlo 0 - La Crosse 0
BOTTOM OF THE 1ST
La Crosse Loggers batting - Pitching for Menlo Maniacs : RHP Júlio Juárez
Pitching: RHP Júlio Juárez
Batting: RHB Jon Kenney 0-0: Ball
1-0: Called Strike
1-1: Ball
2-1: Ball
3-1: Base on Balls
Batting: RHB Sam Gates 0-0: Ball
Jon Kenney is caught stealing 2nd base
1-0: Called Strike
1-1: Swinging Strike
1-2: Strikes out swinging
Batting: RHB Ron Shook 0-0: Foul Ball, location: 2F
0-1: Foul Ball, location: 2F
0-2: Foul Ball, location: 2F
0-2: Strikes out swinging
Bottom of the 1st over - 0 run(s), 0 hit(s), 0 error(s), 0 left on base; Menlo 0 - La Crosse 0
TOP OF THE 2ND
Menlo Maniacs batting - Pitching for La Crosse Loggers : RHP Michael Wright
Batting: LHB Alfonso Montoya 0-0: Foul Ball, location: 2F
0-1: Ball
1-1: Ball
2-1: Ball
3-1: Base on Balls
Batting: LHB Héctor Flores 0-0: Ball
1-0: Foul Ball, location: 2F
1-1: Foul Ball, location: 2F
1-2: Ball
2-2: Ball
3-2: Fielders Choice at 2nd, 1-4 (Groundball, 25)
Batting: RHB Jesús Cuevas 0-0: Called Strike
0-1: Called Strike
0-2: Ball
1-2: Strikes out swinging
Batting: SHB António Trinidad 0-0: Ball
Héctor Flores steals 2nd base
1-0: Called Strike
1-1: Ball
2-1: Called Strike
2-2: Ball
3-2: Strikes out swinging
Top of the 2nd over - 0 run(s), 0 hit(s), 0 error(s), 1 left on base; Menlo 0 - La Crosse 0
BOTTOM OF THE 2ND
La Crosse Loggers batting - Pitching for Menlo Maniacs : RHP Júlio Juárez
Batting: LHB Ricardo Ruíz 0-0: Ball
1-0: SINGLE (Line Drive, 6D)
Batting: LHB Oliver Beltrán 0-0: Ball
1-0: Ball
2-0: Ball
3-0: Called Strike
3-1: Foul Ball, location: 2F
3-2: Reached on error, E3 (Groundball, 3)
Ricardo Ruíz to second
Batting: RHB Luis Ríos 0-0: Ball
1-0: Fly out, F7 (Flyball, 78S)
Batting: RHB José Ríos 0-0: Ball
1-0: Called Strike
1-1: Ball
2-1: Fly out, F8 (Flyball, 8RM)
Batting: RHB Vicente Vélez 0-0: SINGLE (Groundball, 5D)
Ricardo Ruíz to third
Oliver Beltrán to second
Runner from 3rd tries for Home, throw and OUT!
Bottom of the 2nd over - 0 run(s), 2 hit(s), 1 error(s), 2 left on base; Menlo 0 - La Crosse 0
TOP OF THE 3RD
Menlo Maniacs batting - Pitching for La Crosse Loggers : RHP Michael Wright
Batting: LHB Roger Moore 0-0: Ball
1-0: Ball
2-0: Ball
3-0: Base on Balls
Batting: RHB Alberto Hernández 0-0: Ball
1-0: Ball
2-0: Grounds into double play, 6-4-3 (Groundball, 6M)
Batting: SHB Marvin Harris 0-0: Called Strike
0-1: Swinging Strike
0-2: Strikes out swinging
Top of the 3rd over - 0 run(s), 0 hit(s), 0 error(s), 0 left on base; Menlo 0 - La Crosse 0
BOTTOM OF THE 3RD
La Crosse Loggers batting - Pitching for Menlo Maniacs : RHP Júlio Juárez
Batting: RHB Jimmy Smith 0-0: Foul Ball, location: 2F
0-1: Swinging Strike
0-2: Ball
1-2: Ground out U3 (Groundball, 3)
Batting: RHB Jon Kenney 0-0: Foul Ball, location: 2F
0-1: Swinging Strike
0-2: Ball
1-2: Strikes out swinging
Batting: RHB Sam Gates 0-0: Called Strike
0-1: Ground out 6-3 (Groundball, 6)
Bottom of the 3rd over - 0 run(s), 0 hit(s), 0 error(s), 0 left on base; Menlo 0 - La Crosse 0
TOP OF THE 4TH
Menlo Maniacs batting - Pitching for La Crosse Loggers : RHP Michael Wright
Batting: RHB Daryl Floyd 0-0: Ball
1-0: Ball
2-0: Called Strike
2-1: Called Strike
2-2: Fly out, F8 (Flyball, 89M)
Batting: RHB Tom Meyer 0-0: Ball
1-0: Called Strike
1-1: Ball
2-1: Ball
3-1: Called Strike
3-2: Base on Balls
Batting: LHB Alfonso Montoya 0-0: Ball
1-0: Ball
2-0: SINGLE (Groundball, 34D)
Tom Meyer to second
Runner from 2nd tries for 3rd, SAFE, throw made to third
Batting: LHB Héctor Flores 0-0: Ball
Alfonso Montoya steals 2nd base
1-0: Foul Ball, location: 2F
1-1: Called Strike
1-2: SINGLE (Line Drive, 89S)
Tom Meyer scores
Alfonso Montoya to third
Pitching: LHP Marty Blasingame
Batting: RHB Jesús Cuevas 0-0: Ball
1-0: Fly out, F8 (Flyball, 8LM)
Runner from 3rd tags up, SCORES, no throw
Batting: SHB António Trinidad 0-0: Ball
1-0: Called Strike
Héctor Flores is caught stealing 2nd base
Top of the 4th over - 2 run(s), 2 hit(s), 0 error(s), 0 left on base; Menlo 2 - La Crosse 0
BOTTOM OF THE 4TH
La Crosse Loggers batting - Pitching for Menlo Maniacs : RHP Júlio Juárez
Batting: RHB Ron Shook 0-0: Ground out 4-3 (Groundball, 4)
Batting: LHB Ricardo Ruíz 0-0: Ball
1-0: Ball
2-0: Ball
3-0: Called Strike
3-1: Foul Ball, location: 2F
3-2: Ground out 3-1 (Groundball, 34)
Batting: LHB Oliver Beltrán 0-0: Called Strike
0-1: SINGLE (Groundball, 34D)
Batting: RHB Luis Ríos 0-0: Ball
1-0: Ground out 5-3 (Groundball, 5S)
Bottom of the 4th over - 0 run(s), 1 hit(s), 0 error(s), 1 left on base; Menlo 2 - La Crosse 0
TOP OF THE 5TH
Menlo Maniacs batting - Pitching for La Crosse Loggers : LHP Marty Blasingame
Batting: SHB António Trinidad 0-0: Called Strike
0-1: Fly out, F8 (Flyball, 8LD)
Batting: LHB Roger Moore 0-0: Reached on Error, E8 (Flyball, 8LM)
Batting: RHB Alberto Hernández 0-0: Ball
1-0: Foul Ball, location: 2F
1-1: Ball
2-1: Foul Ball, location: 2F
2-2: SINGLE (Line Drive, 6MD)
Roger Moore to second
Batting: SHB Marvin Harris 0-0: Ball
1-0: Fly out, F7 (Flyball, 78S)
Batting: RHB Daryl Floyd 0-0: Foul Ball, location: 2F
0-1: 3-RUN HOME RUN (Line Drive, 7D), Distance : 355 ft
Batting: RHB Tom Meyer 0-0: Ball
1-0: Foul Ball, location: 2F
1-1: Ball
2-1: Ground out 6-3 (Groundball, 6M)
Top of the 5th over - 3 run(s), 2 hit(s), 1 error(s), 0 left on base; Menlo 5 - La Crosse 0
BOTTOM OF THE 5TH
La Crosse Loggers batting - Pitching for Menlo Maniacs : RHP Júlio Juárez
Batting: RHB José Ríos 0-0: Ball
1-0: Called Strike
1-1: Swinging Strike
1-2: Fly out, F9 (Flyball, 89D)
Batting: RHB Vicente Vélez 0-0: Called Strike
0-1: Ball
1-1: Ball
2-1: Ball
3-1: SINGLE (Groundball, 56D)
Batting: RHB Jimmy Smith 0-0: Called Strike
0-1: Ball
1-1: Foul Ball, location: 2F
1-2: Ball
2-2: Ball
3-2: Foul Ball, location: 2F
3-2: Grounds into double play, 6-4-3 (Groundball, 6)
Bottom of the 5th over - 0 run(s), 1 hit(s), 0 error(s), 0 left on base; Menlo 5 - La Crosse 0
TOP OF THE 6TH
Menlo Maniacs batting - Pitching for La Crosse Loggers : LHP Marty Blasingame
Pitching: RHP Andy Parker
Batting: LHB Alfonso Montoya 0-0: Fly out, F7 (Flyball, 7S)
Batting: LHB Héctor Flores 0-0: SINGLE (Line Drive, 89S)
Batting: RHB Jesús Cuevas 0-0: Ball
1-0: Ball
2-0: Ball
3-0: Called Strike
3-1: Base on Balls
Héctor Flores to second
Batting: SHB António Trinidad 0-0: Ball
1-0: Ball
2-0: Ball
3-0: Called Strike
3-1: Swinging Strike
3-2: Base on Balls
Héctor Flores to third
Jesús Cuevas to second
Batting: LHB Roger Moore 0-0: Ball
1-0: Ball
2-0: Fly out, F8 (Flyball, 8LM)
Runner from 3rd tags up, SCORES, no throw
Batting: RHB Alberto Hernández 0-0: Foul Ball, location: 2F
0-1: Ball
1-1: Swinging Strike
1-2: Strikes out looking
Top of the 6th over - 1 run(s), 1 hit(s), 0 error(s), 2 left on base; Menlo 6 - La Crosse 0
BOTTOM OF THE 6TH
La Crosse Loggers batting - Pitching for Menlo Maniacs : RHP Júlio Juárez
Batting: RHB Jon Kenney 0-0: DOUBLE (Line Drive, 7LS)
Batting: RHB Sam Gates 0-0: Ball
1-0: Ball
Jon Kenney is caught stealing 3rd base
2-0: Foul Ball, location: 2F
2-1: Hit by Pitch
Batting: RHB Ron Shook 0-0: 2-RUN HOME RUN (Flyball, 78D), Distance : 376 ft
Batting: LHB Ricardo Ruíz 0-0: Ball
1-0: Ball
2-0: Called Strike
2-1: Foul Ball, location: 2F
2-2: Foul Ball, location: 2F
2-2: Strikes out swinging
Batting: LHB Oliver Beltrán 0-0: Ball
1-0: Fly out, F6 (Line Drive, 6)
Bottom of the 6th over - 2 run(s), 2 hit(s), 0 error(s), 0 left on base; Menlo 6 - La Crosse 2
TOP OF THE 7TH
Menlo Maniacs batting - Pitching for La Crosse Loggers : RHP Andy Parker
Batting: SHB Marvin Harris 0-0: Called Strike
0-1: Foul Ball, location: 2F
0-2: Fly out, F7 (Flyball, 7M)
Batting: RHB Daryl Floyd 0-0: Foul Ball, location: 2F
0-1: Called Strike
0-2: Ball
1-2: SINGLE (Groundball, 34D)
Batting: RHB Tom Meyer 0-0: Ball
Daryl Floyd steals 2nd base
1-0: Foul Ball, location: 2F
1-1: Ball
2-1: Called Strike
2-2: Ball
3-2: Foul Ball, location: 2F
3-2: Foul Ball, location: 2F
3-2: Foul Ball, location: 2F
3-2: Foul Ball, location: 2F
3-2: Strikes out swinging
Batting: LHB Alfonso Montoya 0-0: SINGLE (Line Drive, 6MD)
Daryl Floyd to third
Runner from 3rd tries for Home, SAFE, no throw or cutoff
Batting: LHB Héctor Flores 0-0: Called Strike
Alfonso Montoya is caught stealing 2nd base
Top of the 7th over - 1 run(s), 2 hit(s), 0 error(s), 0 left on base; Menlo 7 - La Crosse 2
BOTTOM OF THE 7TH
La Crosse Loggers batting - Pitching for Menlo Maniacs : RHP Júlio Juárez
Batting: RHB Luis Ríos 0-0: Ball
1-0: Ball
2-0: Ball
3-0: Base on Balls
Pitching: RHP Ron Russell
Batting: RHB José Ríos 0-0: Ball
1-0: Called Strike
Luis Ríos is caught stealing 2nd base
1-1: Swinging Strike
1-2: Strikes out swinging
Batting: RHB Vicente Vélez 0-0: Fly out, F4 (Popup, 34D)
Bottom of the 7th over - 0 run(s), 0 hit(s), 0 error(s), 0 left on base; Menlo 7 - La Crosse 2
TOP OF THE 8TH
Menlo Maniacs batting - Pitching for La Crosse Loggers : RHP Andy Parker
Pitching: RHP Cisco Vázquez
Batting: LHB Héctor Flores 0-0: Ball
1-0: Swinging Strike
1-1: Ball
2-1: Fly out, F6 (Popup, 6MD)
Batting: RHB Jesús Cuevas 0-0: Called Strike
0-1: Ball
1-1: Foul Ball, location: 2F
1-2: Ball
2-2: Foul Ball, location: 2F
2-2: Ball
3-2: Base on Balls
Batting: SHB António Trinidad 0-0: Called Strike
0-1: Fly out, F7 (Flyball, 78M)
Batting: LHB Roger Moore 0-0: Foul Ball, location: 2F
0-1: Ball
1-1: Fly out, F9 (Line Drive, 9M)
Top of the 8th over - 0 run(s), 0 hit(s), 0 error(s), 1 left on base; Menlo 7 - La Crosse 2
BOTTOM OF THE 8TH
La Crosse Loggers batting - Pitching for Menlo Maniacs : RHP Ron Russell
Batting: RHB Jimmy Smith 0-0: Ground out 3-1 (Groundball, 4)
Batting: RHB Jon Kenney 0-0: Foul Ball, location: 2F
0-1: Ball
1-1: Ball
2-1: Foul Ball, location: 2F
2-2: Ball
3-2: Base on Balls
Batting: RHB Sam Gates 0-0: Swinging Strike
0-1: Fly out, F8 (Flyball, 8RS)
Batting: RHB Ron Shook 0-0: Ball
1-0: Ball
2-0: Ball
3-0: Called Strike
3-1: Foul Ball, location: 2F
3-2: Ground out 4-3 (Groundball, 4M)
Bottom of the 8th over - 0 run(s), 0 hit(s), 0 error(s), 1 left on base; Menlo 7 - La Crosse 2
TOP OF THE 9TH
Menlo Maniacs batting - Pitching for La Crosse Loggers : RHP Cisco Vázquez
Batting: RHB Alberto Hernández 0-0: Called Strike
0-1: Ball
1-1: Swinging Strike
1-2: Foul Ball, location: 2F
1-2: Ball
2-2: Ball
3-2: Strikes out looking
Batting: SHB Marvin Harris 0-0: Ball
1-0: Ball
2-0: Ball
3-0: Called Strike
3-1: Foul Ball, location: 2F
3-2: Strikes out swinging
Batting: RHB Daryl Floyd 0-0: Called Strike
0-1: Foul Ball, location: 2F
0-2: Ball
1-2: Ball
2-2: SOLO HOME RUN (Flyball, 7LD), Distance : 339 ft
Batting: RHB Tom Meyer 0-0: Called Strike
0-1: Fly out, F3 (Popup, 3L)
Top of the 9th over - 1 run(s), 1 hit(s), 0 error(s), 0 left on base; Menlo 8 - La Crosse 2
BOTTOM OF THE 9TH
La Crosse Loggers batting - Pitching for Menlo Maniacs : RHP Ron Russell
Now at SS: Carlos Gonzáles
Batting: LHB Ricardo Ruíz 0-0: Foul Ball, location: 2F
0-1: Called Strike
0-2: Foul Ball, location: 2F
0-2: Ground out 5-3 (Groundball, 5S)
Batting: LHB Oliver Beltrán 0-0: Ball
1-0: Foul Ball, location: 2F
1-1: Swinging Strike
1-2: Strikes out swinging
Batting: RHB Luis Ríos 0-0: Called Strike
0-1: Ball
1-1: Fly out, F3 (Popup, 34S)
Bottom of the 9th over - 0 run(s), 0 hit(s), 0 error(s), 0 left on base; Menlo 8 - La Crosse 2
This league is powered by Out of the Park Baseball, the baseball management simulation game for PC, Mac and Linux
Wednesday, December 2nd, 2015 - OOTP Baseball 16.8 Build 38